 Dungeon Crawl Stone Soup version 0.31.0-4-g52a2dc7128 (webtiles) character file.

Game seed: 18003863013486835905

293410 shadowrider38 the Executioner (level 18, 0/150 (172) HPs)
             Began as a Minotaur Fighter on Jan 22, 2024.
             Was an Elder of Jiyva.
             Slain by a spriggan defender
             ... wielding a +2 demon whip of draining
              (9 damage)
             ... on level 3 of the Depths.
             The game lasted 00:23:38 (23484 turns).

shadowrider38 the Executioner (Minotaur Fighter)   Turns: 23484, Time: 00:23:39

HP:   0/150 (172)   AC: 31    Str: 34    XL:     18   Next: 50%
MP:   18/18         EV: 15    Int:  9    God:    Jiyva [****..]
Gold: 1174          SH: 10    Dex: 16    Spells: 17/17 levels left

rFire   + . .        a - +2 broad axe (drain)
rCold   + + +        f - +1 buckler {AC+3}
rNeg    . . .        M - +0 plate armour
rPois   +            (helmet restricted)
rElec   .            I - +1 cloak
rCorr   +            j - +1 pair of gloves
SInv    +            W - +2 pair of boots of Pathos {Rampage Int+6 Dex-4 SInv}
Will    +....        v - amulet "Xolaer" {RegenMP rPois Dex+3 Stlth+} Stlth
                     g - ring "Yczi" {rF+ rC+ Str+2 SInv}
HPRegen 1.73/turn    S - ring of the Distant Future {AC+4 Dex+4}
MPRegen 1.20/turn

%: clarity, rampage
@: heavily drained
A: horns 2, retaliatory headbutt, claws 1, agile 1, clarity, cold resistance 3,
high MP 1, strong 1, gelatinous body 2, pseudopods 3, jelly sensing items
}: 3/15 runes: decaying, serpentine, slimy
a: Renounce Religion, Oozemancy, Slimify


You were on level 3 of the Depths.
You worshipped Jiyva.
Jiyva was greatly pleased with you.
You visited 7 branches of the dungeon, and saw 39 of its levels.
You also visited: Sewer and Gauntlet.

You collected 1314 gold pieces.
You spent 140 gold pieces at shops.

Inventory:

Hand Weapons
 a - a +2 broad axe of draining (weapon)
 u - a +0 broad axe of protection
Missiles
 t - 18 boomerangs (quivered)
 x - 6 silver javelins
 F - 5 curare-tipped darts
 Z - 5 throwing nets
Armour
 c - a +0 buckler
 d - the +2 faerie dragon scales {rN+ rCorr Stlth+}
   (You took it off the Enchantress on level 15 of the Dungeon)

   rN+:       It protects you from negative energy.
   rCorr:     It protects you from acid and corrosion.
   Stlth+:    It makes you more stealthy.
 f - a +1 buckler of protection (worn)
 j - a +1 pair of gloves (worn)
 o - a +2 pair of boots
 C - the +2 buckler of Weightlessness {*Slow rElec Str-4 Dex+7}
   (You found it on level 5 of the Pits of Slime)

   Str-4:     It affects your strength (-4).
   Dex+7:     It affects your dexterity (+7).
   rElec:     It insulates you from electricity.
   *Slow:     It may slow you when you take damage.
 I - a +1 cloak (worn)
 M - a +0 plate armour (worn)
 N - +0 fire dragon scales
 W - the +2 pair of boots of Pathos (worn) {Rampage Int+6 Dex-4 SInv}
   (You found it in a Gauntlet)

   Int+6:     It affects your intelligence (+6).
   Dex-4:     It affects your dexterity (-4).
   SInv:      It lets you see invisible.
   Rampage:   It bestows one free step when moving towards enemies.
Jewellery
 g - the ring "Yczi" (left hand) {rF+ rC+ Str+2 SInv}
   (You acquired it on level 1 of the Lair of Beasts)

   [ring of protection from fire]

   Str+2:     It affects your strength (+2).
   rF+:       It protects you from fire.
   rC+:       It protects you from cold.
   SInv:      It lets you see invisible.
 k - a ring of magical power
 l - a +6 ring of strength
 v - the amulet "Xolaer" (around neck) {RegenMP rPois Dex+3 Stlth+}
   (You found it in a Gauntlet)

   [amulet of magic regeneration]

   RegenMP:   It increases your rate of magic regeneration.
   Dex+3:     It affects your dexterity (+3).
   rPois:     It protects you from poison Stlth+: It makes you more stealthy.
 w - an amulet of guardian spirit
 y - a +6 ring of intelligence
 D - the ring of Vasmunes {rElec rF+ AC+4}
   (You found it on level 5 of the Pits of Slime)

   [ring of protection]

   AC+4:      It affects your AC (+4).
   rF+:       It protects you from fire.
   rElec:     It insulates you from electricity.
 S - the ring of the Distant Future (right hand) {AC+4 Dex+4}
   (You found it in a Gauntlet)

   [ring of protection]

   AC+4:      It affects your AC (+4).
   Dex+4:     It affects your dexterity (+4).
 Y - the ring "Urren" {rC+ Int+8 Dex+6 Slay-2}
   (You found it on level 5 of the Pits of Slime)

   [ring of dexterity]

   Int+8:     It affects your intelligence (+8).
   Dex+6:     It affects your dexterity (+6).
   Slay-2:    It affects your accuracy & damage with ranged weapons and melee
   (-2).
   rC+:       It protects you from cold.
Wands
 r - a wand of roots (9)
 E - a wand of polymorph (18)
 L - a wand of quicksilver (8)
 P - a wand of paralysis (37)
 V - a wand of flame (23)
Scrolls
 b - a scroll of fog
 i - a scroll of noise
 m - a scroll of immolation
 O - 2 scrolls of amnesia {unknown}
 R - a scroll of silence {!r}
 T - a scroll of teleportation
Potions
 e - 2 potions of magic
 h - 2 potions of attraction
 p - 6 potions of lignification
 q - 3 potions of mutation
 s - a potion of degeneration {unknown}
 z - a potion of brilliance
 J - a potion of enlightenment {unknown}
 Q - a potion of curing
Miscellaneous
 n - a lightning rod (4/4)
 K - a phantom mirror
 U - a phial of floods


   Skills:
 + Level 18.1 Fighting
 * Level 24.3 Axes
 + Level 18.1 Armour
 - Level 8.5 Dodging
 + Level 18.0 Shields


You had 17 spell levels left.
You didn't know any spells.
Your spell library contained the following spells:

 Spells                   Type           Power      Damage    Failure   Level
 Apportation              Tloc           0%         N/A       86%         1
 Kiss of Death            Conj/Necr      0%         2d5       86%         1
 Ensorcelled Hibernation  Hex/Ice        0%         N/A       94%         2
 Jinxbite                 Hex            0%         N/A       94%         2
 Confusing Touch          Hex            0%         N/A       99%         3
 Dazzling Flash           Conj/Hex       0%         N/A       99%         3
 Fugue of the Fallen      Necr           0%         N/A       99%         3
 Mephitic Cloud           Conj/Alch/Air  0%         N/A       99%         3
 Ozocubu's Armour         Ice            0%         N/A       99%         3
 Passwall                 Erth           0%         N/A       99%         3
 Summon Ice Beast         Ice/Summ       0%         N/A       99%         3
 Swiftness                Air            0%         N/A       99%         3
 Dispel Undead            Necr           0%         3d6       100%        4
 Leda's Liquefaction      Alch/Erth      0%         N/A       100%        4
 Manifold Assault         Tloc           0%         N/A       100%        4
 Alistair's Intoxication  Alch           0%         N/A       100%        5
 Curse of Agony           Necr           0%         N/A       100%        5
 Lee's Rapid Deconstruct  Erth           0%         3d4*      100%        5
 Metabolic Englaciation   Hex/Ice        0%         N/A       100%        5
 Silence                  Hex/Air        0%         N/A       100%        5
 Summon Mana Viper        Hex/Summ       0%         N/A       100%        5
 Bombard                  Conj/Erth      0%         9d1       100%        6
 Sculpt Simulacrum        Ice/Alch       0%         N/A       100%        6
 Monstrous Menagerie      Summ           0%         N/A       100%        7


Dungeon Overview and Level Annotations

Branches:
Dungeon (15/15) Zot: 25685  Temple (0/1) D:4            Lair (5/5) D:10 Zot: 25423
  Swamp (4/4) Lair:2 Zot: 22937   Snake (4/4) Lair:3 Zot: 22402   Slime (5/5) Lair:5 Zot: 26542
    Orc (2/2) D:10 Zot: 10890     Elf (0/3) Orc:2        Depths (4/4) D:15 Zot: 23302
  Sewer (visited)         Gauntlet (visited)
 Vaults: D:13-14        Zot: Depths:4

Altars:
Ashenzari
Cheibriados
Fedhas
Gozag
Hepliaklqana
Kikubaaqudgha
Ru
Sif Muna
Trog
Wu Jian
Jiyva
Lugonu

Shops:
D:6 [::!   D:7 ?   Orc:2 :[:(   Snake:2 (

Portals:
Hell: Depths:1 Depths:3
Abyss: Lair:5
Pandemonium: Depths:2
Ziggurat: Depths:1

Annotations:
D:3 2 transporters, GrumpyGrim72's ghost, weakling DEWn
Lair:4 1 runed translucent door, Aricsoirch's ghost, journeyman GrFi
Lair:5 exclusion: oklob plant
Slime:5 Royal Jelly


Innate Abilities, Weirdness & Mutations

You have a pair of horns on your head.
You reflexively headbutt those who attack you in melee.
You have sharp fingernails.
You are agile. (Dex +4, Str/Int -1)
You possess an exceptional clarity of mind.
Your flesh is almost immune to the effects of cold. (rC+++)
You have an increased reservoir of magic. (+10% MP)
Your muscles are strong. (Str +4, Int/Dex -1)
Your pliable body absorbs attacks. (AC +2, EV +2)
Armour fits poorly on your massive pseudopods.
You have a small jelly attached to you that senses nearby items.


Message History

The red very ugly thing engulfs you.
You are engulfed in flames!
You resist.
The spark wasp stings you but does no damage.
You block the spriggan defender's attack.
The fire dragon bites you but does no damage.
The fire dragon claws you but does no damage.
The fire dragon tramples you but does no damage.
The spark wasp attacks as it pursues you!
The spark wasp stings you! The spark wasp shocks you!
* * * LOW HITPOINT WARNING * * *
The red very ugly thing attacks as it pursues you!
The red very ugly thing engulfs you.
* * * LOW HITPOINT WARNING * * *
You are engulfed in flames!
You resist.
* * * LOW HITPOINT WARNING * * *
The spriggan defender hits you but does no damage.
You feel drained. The spriggan defender misses you.
There is a stone staircase leading up here.
The spriggan defender hits you with a +2 demon whip of draining!
* * * LOW HITPOINT WARNING * * *
You feel drained.
* * * LOW HITPOINT WARNING * * *
The spriggan defender misses you.
You climb upwards.
The rakshasa weaves an illusion.
The spriggan defender shimmers and seems to become two!
There is a stone staircase leading down here.
Unknown command.
Unknown command.
The spriggan defender attacks as it pursues you!
You block the spriggan defender's attack.
The spriggan defender hits you but does no damage.
You feel drained.
Okay, then.
The spriggan defender attacks as it pursues you!
The spriggan defender hits you but does no damage.
You feel drained.
Okay, then.
Press: ? - help, v - describe, . - travel
Here: a spriggan defender, wielding a +2 demon whip of draining, wearing a +0 robe and wearing a +2 buckler The floor.
The air fills with toxic fumes!
As you read the scroll of poison, it crumbles to dust.
The spriggan defender hits you with a +2 demon whip of draining.
* * * LOW HITPOINT WARNING * * *
You feel drained.
* * * LOW HITPOINT WARNING * * *
The spriggan defender hits you with a +2 demon whip of draining!!
* * * LOW HITPOINT WARNING * * *
You feel drained.
You die...

...............#
.........R§§§§§#
####...).§§§§§§#
+......<.§§§§§§###
#.....)..§§§§§§§§#
.........§§§§§§§§#
.......[.§§§§§§§§#
#........§§§§§§ii#
#.....###§§§§§§§@#
#..... #§§§§§§§§#
#..... #§§§§§§§§#
#..... #§§§§§§§§#
#....∩ #§§§§§§§§#
#..... #§§§§§§§§#
# #§§§§§§§§# #.
###§§§§§§§§# #.
#......†#+###


You could see 2 spriggan defenders and a rakshasa.

Vanquished Creatures
  Bai Suzhen (Snake:3)
  the Enchantress (D:15)
  A tentacled monstrosity (Swamp:4)
  A titan (Depths:2)
  A sphinx (D:15)
  2 thorn hunters (Swamp:4)
  A tengu reaver (Depths:3)
  3 fenstrider witches (Swamp:4)
  3 nagarajas (Snake:4)
  A balrug (Depths:2)
  A frost giant (Depths:3)
  2 fire giants
  An iron dragon (Depths:3)
  A cacodemon (Depths:2)
  An orc warlord (Orc:1)
  3 spriggan defenders (D:15)
  2 vampire knights
  11 very ugly things
  3 stone giants (Depths:2)
  An eleionoma (Swamp:1)
  A minotaur (Gauntlet)
  A bunyip (Swamp:1)
  Snorg (Orc:2)
  2 blizzard demons
  6 ettins
  A green death (Gauntlet)
  A jiangshi (Depths:3)
  5 fire dragons
  Erolcha (D:9)
  A rakshasa (Depths:2)
  11 hydras
  A hell beast (Swamp:4)
  5 ice dragons
  A ghost crab (Swamp:4)
  2 spriggan air magi
  2 alligators
  A salamander tyrant (Snake:2)
  5 centaur warriors
  5 anacondas
  5 deep troll shamans
  13 naga warriors
  2 boulder beetles
  8 deep troll earth magi
  2 vampire magi
  6 two-headed ogres
  2 thrashing horrors (Lair:5)
  8 naga sharpshooters
  An occultist (Swamp:4)
  3 death yaks (D:10)
  An orc high priest (Orc:2)
  2 shock serpents
  A spriggan berserker (D:15)
  Amaemon (D:8)
  A soul eater (Swamp:4)
  2 goliath frogs
  6 iron trolls
  A sixfirhy (Swamp:4)
  10 sea snakes
  A flayed ghost (D:13)
  5 spriggan druids (Swamp:4)
  A swamp dragon (Swamp:4)
  3 bog bodies (Swamp:4)
  9 mana vipers
  13 deep trolls
  A steelbarb worm (shapeshifter) (Depths:3)
  4 naga ritualists (Snake:4)
  Pikel (D:6)
  A wolf spider (D:13)
  A deep elf pyromancer (Swamp:4)
  An orc knight (Orc:1)
  6 salamanders
  5 orc sorcerers
  A deep elf zephyrmancer (Swamp:4)
  22 ugly things
  12 cyclopes
  An oklob plant (Lair:5)
  3 manticores
  4 large abominations (Lair:5)
  3 kobold blastminers
  11 elephants
  25 black mambas
  4 smoke demons
  6 guardian serpents
  2 gargoyles
  7 naga magi
  2 orange demons
  11 cane toads
  7 komodo dragons
  Jeremiah (D:9)
  An ice devil (Gauntlet)
  2 rime drakes (Lair:1)
  An unseen horror (D:13)
  2 tengu conjurers
  A freezing wraith (D:13)
  An efreet (D:13)
  6 trolls
  4 hellwings (Swamp:4)
  3 polar bears
  A tyrant leech (Lair:2)
  3 hornets
  A raiju (Lair:5)
  12 blink frogs
  2 shadows
  10 small abominations (Lair:5)
  7 wyverns
  2 wraiths
  2 ynoxinuls (Lair:5)
  A spriggan (shapeshifter) (D:13)
  7 spriggans
  55 yaks
  A yak (shapeshifter) (Lair:5)
  A warg (Orc:2)
  A redback (Orc:2)
  4 basilisks
  6 chaos spawn
  8 vampire mosquitoes
  32 nagas
  3 acid dragons
  10 swamp worms
  12 water moccasins
  16 orc warriors
  2 swamp drakes (Swamp:1)
  7 black bears
  5 ogres
  5 boggarts
  12 centaurs
  2 laughing skulls (D:15)
  18 wolves
  A lemure (D:6)
  3 kobold brigands
  11 bullfrogs
  2 scorpions
  5 wights (D:7)
  6 gnoll sergeants
  A killer bee (D:10)
  3 howler monkeys
  3 jellies (Sewer)
  11 orc priests
  3 bombardier beetles
  3 hounds (D:7)
  3 gnoll boudas
  2 sleepcaps
  An iguana (D:6)
  3 hell rats
  13 orc wizards
  5 adders
  30 gnolls
  13 river rats
  A shadow imp (D:6)
  2 white imps
  3 dart slugs
  3 ribbon worms
  40 orcs
  8 ball pythons
  12 endoplasms
  3 giant cockroaches
  4 goblins
  10 hobgoblins
  A jackal (D:7)
  17 kobolds
  2 quokkas (D:10)
  8 bats
  4 frilled lizards
  12 rats
864 creatures vanquished.

Vanquished Creatures (collateral kills)
  A fenstrider witch (Swamp:4)
  A stone giant (Orc:2)
  A fire dragon (D:11)
  3 meliai (D:15)
  A swamp worm (Swamp:4)
7 creatures vanquished.

Vanquished Creatures (others)
  An ophan (Depths:1)
  2 great orbs of eyes (Depths:1)
  An ugly thing (D:12)
  2 cyclopes
  A meliai (D:15)
  A naga mage (Snake:4)
  A tengu conjurer (D:13)
  4 slime creatures
  A shadow (D:11)
  A chaos spawn (Swamp:4)
  2 nagas
  An ice beast (shapeshifter) (D:13)
  An ogre (Orc:2)
  A wolf (D:7)
  3 centaurs
  4 bullfrogs
  3 killer bees (D:10)
  A howler monkey (D:9)
  3 hounds
  A gnoll bouda (D:7)
  125 jellies
  A sleepcap (D:5)
  An orc wizard (Orc:1)
  Robin (D:4)
  9 gnolls
  3 orcs
  A giant cockroach (D:4)
  12 goblins
  2 hobgoblins
  2 jackals (D:7)
  2 kobolds (D:8)
194 creatures vanquished.

Grand Total: 1065 creatures vanquished

Notes
Turn   | Place    | Note
-------+----------+-------------------------------------------
     0 | D:1      | shadowrider38 the Minotaur Fighter began the quest for the
                  | Orb.
     0 | D:1      | Reached XP level 1. HP: 19/19 MP: 0/0
   218 | D:1      | Reached XP level 2. HP: 27/27 MP: 1/1
   474 | D:1      | Reached skill level 3 in Axes
   540 | D:1      | Reached XP level 3. HP: 33/33 MP: 2/2
  1820 | D:3      | Reached XP level 4. HP: 40/40 MP: 3/3
  1898 | D:3      | Found a glowing drain.
  1918 | Sewer    | Entered a sewer
  1947 | Sewer    | Reached skill level 4 in Axes
  2051 | Sewer    | Reached XP level 5. HP: 27/47 MP: 4/4
  2178 | Sewer    | Found a viscous altar of Jiyva.
  2403 | Sewer    | Became a worshipper of Jiyva Jiexzil the Shapeless
  2618 | D:3      | Found a transporter.
  2621 | D:3      | Noticed GrumpyGrim72's ghost (weakling DEWn)
  2622 | D:3      | Found a transporter.
  2683 | D:3      | Reached * piety under Jiyva
  3151 | D:4      | You fall into a shaft and drop 1 floor!
  3151 | D:5      | Entered Level 5 of the Dungeon
  3160 | D:5      | Reached skill level 5 in Axes
  3160 | D:5      | Reached XP level 6. HP: 55/55 MP: 5/5
  3230 | D:5      | Noticed a shadow
  3235 | D:5      | Reached ** piety under Jiyva
  3243 | D:5      | Killed a shadow
  3244 | D:5      | Reached skill level 6 in Axes
  3244 | D:5      | Reached XP level 7. HP: 49/61 MP: 6/6
  3595 | D:4      | Killed Robin
  3609 | D:4      | Found a staircase to the Ecumenical Temple.
  3683 | D:4      | Reached *** piety under Jiyva
  3796 | D:4      | Gained mutation: You passively dampen the noise of your
                  | surroundings. [Jiyva's grace]
  3796 | D:4      | Gained mutation: Your translucent skin slightly reduces
                  | your foes' accuracy. (Stealth+) [Jiyva's grace]
  3796 | D:4      | Gained mutation: Your translucent skin reduces your foes'
                  | accuracy. (Stealth+) [Jiyva's grace]
  3796 | D:4      | Gained mutation: Your transparent skin significantly
                  | reduces your foes' accuracy. (Stealth+) [Jiyva's grace]
  4553 | D:6      | Noticed a hornet
  4559 | D:6      | Paralysed by a hornet for 3 turns
  4562 | D:6      | Killed a hornet
  4563 | D:6      | Reached skill level 7 in Axes
  4563 | D:6      | Reached XP level 8. HP: 53/70 MP: 7/7
  4691 | D:6      | Found Cixtil's Book Boutique.
  4809 | D:6      | Reached **** piety under Jiyva
  4845 | D:6      | Noticed Pikel
  4864 | D:6      | Killed Pikel
  4865 | D:6      | Reached skill level 8 in Axes
  4934 | D:6      | Found Vyat's Distillery.
  4942 | D:6      | Bought 2 potions of heal wounds for 140 gold pieces
  4962 | D:6      | Found a shimmering blue altar of Sif Muna.
  4963 | D:6      | Found a sacrificial altar of Ru.
  4964 | D:6      | Found a hazy altar of Hepliaklqana.
  4965 | D:6      | Found an opulent altar of Gozag.
  4965 | D:6      | Found an ancient bone altar of Kikubaaqudgha.
  4966 | D:6      | Found a broken altar of Ashenzari.
  4967 | D:6      | Found a snail-covered altar of Cheibriados.
  4968 | D:6      | Found an ornate altar of the Wu Jian Council.
  5065 | D:6      | Found Edoh's Book Shop.
  5220 | D:6      | Found Zaplaer's Armour Boutique.
  5231 | D:6      | Reached skill level 9 in Axes
  5516 | D:7      | Reached XP level 9. HP: 79/79 MP: 8/8
  5628 | D:7      | Found Rasche's Magic Scroll Shoppe.
  5716 | D:7      | Reached ***** piety under Jiyva
  5776 | D:7      | Reached skill level 10 in Axes
  5776 | D:7      | Gained mutation: Your rubbery body absorbs attacks. (AC +1,
                  | EV +1) [Jiyva's grace]
  5776 | D:7      | Gained mutation: Your pliable body absorbs attacks. (AC +2,
                  | EV +2) [Jiyva's grace]
  5776 | D:7      | Gained mutation: Your gelatinous body deflects attacks. (AC
                  | +3, EV +3) [Jiyva's grace]
  5776 | D:7      | Gained mutation: You are strong-willed. (Will+) [Jiyva's
                  | grace]
  6122 | D:7      | Noticed a two-headed ogre
  6123 | D:7      | Noticed a two-headed ogre
  6138 | D:8      | Killed a two-headed ogre
  6147 | D:8      | Reached skill level 11 in Axes
  6497 | D:8      | Noticed an orange demon
  6518 | D:8      | Killed an orange demon
  6519 | D:8      | Reached XP level 10. HP: 27/90 MP: 3/9
  6525 | D:8      | Noticed Amaemon
  6548 | D:8      | Killed Amaemon
  7097 | D:8      | Identified the +7 falchion of Erghafox {spect, Str+2}
  7123 | D:8      | Found a bloodstained altar of Trog.
  7187 | D:9      | Noticed Erolcha
  7219 | D:7      | Killed a two-headed ogre
  7220 | D:7      | Reached skill level 9 in Fighting
  7220 | D:7      | Reached skill level 9 in Armour
  7220 | D:7      | Reached skill level 9 in Shields
  7540 | D:9      | Reached skill level 12 in Axes
  7603 | D:9      | Noticed a cyan ugly thing
  7603 | D:9      | Noticed Jeremiah
  7615 | D:9      | Killed a cyan ugly thing
  7640 | D:9      | Noticed a manticore
  7646 | D:9      | Noticed a five-headed hydra
  7654 | D:9      | Killed a manticore
  7655 | D:9      | Killed Jeremiah
  7658 | D:9      | Killed a five-headed hydra
  7659 | D:9      | Reached skill level 13 in Axes
  7659 | D:9      | Reached XP level 11. HP: 79/99 MP: 10/10
  8071 | D:9      | Killed Erolcha
  8256 | D:9      | Lost mutation: Your transparent skin significantly reduces
                  | your foes' accuracy. (Stealth+) [Jiyva's grace]
  8256 | D:9      | Gained mutation: Your melee attacks may engulf your foes in
                  | ooze. [Jiyva's grace]
  8256 | D:9      | Gained mutation: You are agile. (Dex +4, Str/Int -1)
                  | [Jiyva's grace]
  8256 | D:9      | Gained mutation: You are very agile. (Dex +8, Str/Int -2)
                  | [Jiyva's grace]
  8256 | D:9      | Gained mutation: You are partially covered in iridescent
                  | scales. (AC +2) [Jiyva's grace]
  8344 | D:10     | Entered Level 10 of the Dungeon
  8364 | D:10     | Noticed a death yak
  8365 | D:10     | Found a staircase to the Lair.
  8365 | D:10     | Noticed a death yak
  8380 | D:10     | Noticed a death yak
  8384 | D:10     | Killed a death yak
  8385 | D:10     | Reached skill level 14 in Axes
  8389 | D:10     | Killed a death yak
  8390 | D:10     | Reached skill level 3 in Dodging
  8394 | D:10     | Killed a death yak
  8947 | D:10     | Found a staircase to the Orcish Mines.
  9028 | D:10     | Reached XP level 12. HP: 107/110 MP: 11/11
  9490 | D:11     | Noticed a two-headed ogre
  9497 | D:11     | Killed a two-headed ogre
  9650 | D:11     | Noticed a boulder beetle
  9663 | D:11     | Killed a boulder beetle
  9670 | D:11     | Noticed a fire dragon
  9684 | D:11     | Killed a fire dragon
  9685 | D:11     | Reached skill level 15 in Axes
 10066 | D:12     | Noticed a two-headed ogre
 10085 | D:12     | Killed a two-headed ogre
 10397 | D:12     | Noticed a two-headed ogre
 10405 | D:12     | Noticed a two-headed ogre
 10408 | D:12     | Killed a two-headed ogre
 10419 | D:12     | Killed a two-headed ogre
 10424 | D:12     | Lost mutation: You are very agile. (Dex +8, Str/Int -2)
                  | [Jiyva's grace]
 10424 | D:12     | Lost mutation: Your gelatinous body deflects attacks. (AC
                  | +3, EV +3) [Jiyva's grace]
 10424 | D:12     | Lost mutation: Your pliable body absorbs attacks. (AC +2,
                  | EV +2) [Jiyva's grace]
 10424 | D:12     | Lost mutation: Your translucent skin reduces your foes'
                  | accuracy. (Stealth+) [Jiyva's grace]
 10424 | D:12     | Gained mutation: Your pliable body absorbs attacks. (AC +2,
                  | EV +2) [Jiyva's grace]
 10424 | D:12     | Gained mutation: Your gelatinous body deflects attacks. (AC
                  | +3, EV +3) [Jiyva's grace]
 10424 | D:12     | Gained mutation: You are covered in slimy tendrils that may
                  | disarm your opponents. [Jiyva's grace]
 10424 | D:12     | Gained mutation: You are somewhat resistant to further
                  | mutation. [Jiyva's grace]
 10664 | D:12     | Reached skill level 16 in Axes
 10664 | D:12     | Reached XP level 13. HP: 118/118 MP: 12/12
 10810 | D:13     | Identified the +11 long sword of Lukagaen {pain, *Rage rC+
                  | Int-5 Dex+7}
 11034 | D:13     | Found a gate leading to a gauntlet.
 11235 | Gauntlet | Entered a Gauntlet
 11235 | Gauntlet | Found a transporter.
 11236 | Gauntlet | Reached ****** piety under Jiyva
 11244 | Gauntlet | Found a transporter.
 11245 | Gauntlet | Noticed a green death
 11263 | Gauntlet | Found a transporter.
 11264 | Gauntlet | Found a transporter.
 11283 | Gauntlet | Found a transporter.
 11295 | Gauntlet | Noticed a blizzard demon
 11296 | Gauntlet | Found a transporter.
 11300 | Gauntlet | Found a transporter.
 11304 | Gauntlet | Found a transporter.
 11327 | Gauntlet | Found a transporter.
 11332 | Gauntlet | Found a transporter.
 11336 | Gauntlet | Found a transporter.
 11338 | Gauntlet | Found a runed translucent gate.
 11338 | Gauntlet | Found a runed translucent gate.
 11339 | Gauntlet | Found a runed translucent gate.
 11344 | Gauntlet | Found a transporter.
 11437 | Gauntlet | Killed a green death
 11586 | Gauntlet | Identified the amulet "Xolaer" {RegenMP rPois Dex+3 Stlth+}
 11616 | Gauntlet | Killed a blizzard demon
 11627 | Gauntlet | Identified the ring of the Distant Future {AC+4 Dex+4}
 11706 | Gauntlet | Identified the +5 morningstar of Read {flame, Dex+3}
 11706 | Gauntlet | Noticed a minotaur
 11711 | Gauntlet | Found the +5 robe of Night {Dark Will+ SInv}
 11720 | Gauntlet | Identified the +2 pair of boots of Pathos {Rampage Int+6
                  | Dex-4 SInv}
 11721 | Gauntlet | Killed a minotaur
 11987 | D:13     | Reached XP level 14. HP: 121/127 MP: 13/13
 12124 | D:14     | Reached skill level 17 in Axes
 12175 | Orc:1    | Entered Level 1 of the Orcish Mines
 12285 | Orc:2    | Entered Level 2 of the Orcish Mines
 12285 | Orc:2    | Noticed an orc warlord
 12296 | Orc:1    | Killed an orc warlord
 12311 | Orc:2    | Found Tiasiq's Book Emporium.
 12431 | Orc:2    | Found Hykhayff's Antique Armour Boutique.
 12431 | Orc:2    | Found Miale's Book Shop.
 12448 | Orc:2    | Noticed Snorg
 12467 | Orc:2    | Killed Snorg
 12469 | Orc:2    | Found a staircase to the Elven Halls.
 12491 | Orc:2    | Lost mutation: Your gelatinous body deflects attacks. (AC
                  | +3, EV +3) [Jiyva's grace]
 12491 | Orc:2    | Lost mutation: Your pliable body absorbs attacks. (AC +2,
                  | EV +2) [Jiyva's grace]
 12491 | Orc:2    | Lost mutation: You passively dampen the noise of your
                  | surroundings. [Jiyva's grace]
 12491 | Orc:2    | Gained mutation: You have sharp toenails. [Jiyva's grace]
 12491 | Orc:2    | Gained mutation: You have razor-sharp toenails. [Jiyva's
                  | grace]
 12491 | Orc:2    | Gained mutation: You have claws for feet. [Jiyva's grace]
 12491 | Orc:2    | Gained mutation: Your pliable body absorbs attacks. (AC +2,
                  | EV +2) [Jiyva's grace]
 12546 | Orc:2    | Noticed Nessos
 12551 | Orc:2    | Nessos changed into Nessos the redback
 12551 | Orc:2    | Noticed Nessos
 12554 | Orc:2    | Killed Nessos the redback
 12584 | Orc:2    | Noticed a stone giant
 12595 | Orc:2    | Killed a stone giant
 12636 | Orc:2    | Found Ylaat's General Store.
 12737 | Orc:2    | Found Teza's Antique Weapon Boutique.
 13156 | Orc:1    | Reached skill level 18 in Axes
 13358 | Lair:1   | Entered Level 1 of the Lair of Beasts
 13374 | Lair:1   | Identified a scroll of acquirement
 13374 | Lair:1   | Acquired the ring "Yczi" {rF+ rC+ Str+2 SInv}
 14207 | Lair:2   | Found a staircase to the Swamp.
 14305 | Lair:3   | Found an ancient bone altar of Kikubaaqudgha.
 14320 | Lair:3   | Lost mutation: You are partially covered in iridescent
                  | scales. (AC +2) [Jiyva's grace]
 14320 | Lair:3   | Lost mutation: You are strong-willed. (Will+) [Jiyva's
                  | grace]
 14320 | Lair:3   | Gained mutation: You have supernaturally acute eyesight.
                  | (SInv) [Jiyva's grace]
 14320 | Lair:3   | Gained mutation: Your muscles are strong. (Str +4, Int/Dex
                  | -1) [Jiyva's grace]
 14320 | Lair:3   | Gained mutation: Your muscles are very strong. (Str +8,
                  | Int/Dex -2) [Jiyva's grace]
 14320 | Lair:3   | Gained mutation: Your gelatinous body deflects attacks. (AC
                  | +3, EV +3) [Jiyva's grace]
 14796 | Lair:3   | Found a staircase to the Snake Pit.
 15356 | Lair:4   | Found a runed translucent door.
 15386 | Lair:4   | Reached XP level 15. HP: 137/137 MP: 14/14
 15449 | Lair:4   | Lost mutation: You are agile. (Dex +4, Str/Int -1) [Jiyva's
                  | grace]
 15449 | Lair:4   | Lost mutation: You are covered in slimy tendrils that may
                  | disarm your opponents. [Jiyva's grace]
 15449 | Lair:4   | Lost mutation: You are somewhat resistant to further
                  | mutation. [Jiyva's grace]
 15449 | Lair:4   | Gained mutation: You have hidden genetic potential.
                  | [Jiyva's grace]
 15449 | Lair:4   | Gained mutation: You have great hidden genetic potential.
                  | [Jiyva's grace]
 15449 | Lair:4   | Gained mutation: You have sharp fingernails. [Jiyva's
                  | grace]
 15449 | Lair:4   | Gained mutation: You have very sharp fingernails. [Jiyva's
                  | grace]
 16001 | Lair:4   | Identified the +0 spear of Friendship {flame, Int+3}
 16004 | Lair:4   | Noticed Aricsoirch's ghost (journeyman GrFi)
 16093 | Lair:5   | Entered Level 5 of the Lair of Beasts
 16099 | Lair:5   | Reached skill level 19 in Axes
 16238 | Lair:5   | Found a staircase to the Slime Pits.
 16599 | Lair:5   | Identified the +0 scale mail of Gyria {Dex+3}
 16672 | Lair:5   | Identified the +3 buckler of the Arcane {rN+}
 16770 | Lair:5   | Found a corrupted altar of Lugonu.
 16770 | Lair:5   | Found a one-way gate to the infinite horrors of the Abyss.
 16791 | Lair:5   | Got an earthy gem with 425 turns to spare
 16867 | Lair:5   | Found a blossoming altar of Fedhas.
 16890 | Lair:5   | Lost mutation: You have claws for feet. [Jiyva's grace]
 16890 | Lair:5   | Lost mutation: Your translucent skin slightly reduces your
                  | foes' accuracy. (Stealth+) [Jiyva's grace]
 16890 | Lair:5   | Lost mutation: You have great hidden genetic potential.
                  | [Jiyva's grace]
 16890 | Lair:5   | Gained mutation: You are covered in slimy tendrils that may
                  | disarm your opponents. [Jiyva's grace]
 16890 | Lair:5   | Gained mutation: You expend magic power (3 MP) to
                  | strengthen your wands. [Jiyva's grace]
 16890 | Lair:5   | Gained mutation: You are agile. (Dex +4, Str/Int -1)
                  | [Jiyva's grace]
 16890 | Lair:5   | Gained mutation: You are very agile. (Dex +8, Str/Int -2)
                  | [Jiyva's grace]
 16990 | Lair:5   | Found a viscous altar of Jiyva.
 17217 | Lair:5   | Lost the earthy gem through the power of Zot.
 17383 | Slime:1  | Entered Level 1 of the Pits of Slime
 17383 | Slime:1  | Noticed an acid blob
 17390 | Slime:1  | Noticed an acid blob
 17656 | Slime:2  | Noticed a rockslime
 17666 | Slime:3  | Noticed an acid blob
 17688 | Slime:3  | Noticed an acid blob
 17703 | Slime:4  | Noticed a rockslime
 17703 | Slime:4  | Noticed a rockslime
 17705 | Slime:4  | Noticed a rockslime
 17736 | Slime:4  | Noticed a rockslime
 17739 | Slime:5  | Entered Level 5 of the Pits of Slime
 17739 | Slime:5  | Noticed an acid blob
 17778 | Slime:5  | Noticed a rockslime
 17780 | Slime:5  | Noticed an acid blob
 17784 | Slime:5  | Noticed the Royal Jelly
 17784 | Slime:5  | Noticed an acid blob
 17784 | Slime:5  | Noticed an acid blob
 17787 | Slime:5  | Noticed an acid blob
 17788 | Slime:5  | Noticed an acid blob
 17793 | Slime:5  | Identified the ring of Vasmunes {rElec rF+ AC+4}
 17797 | Slime:5  | Identified the +9 rapier "Ettegiaf" {drain, *Slow Str+2
                  | Int+4 Dex-4}
 17799 | Slime:5  | Identified the ring "Urren" {rC+ Int+8 Dex+6 Slay-2}
 17800 | Slime:5  | Identified the +0 robe of the Seven Scars {rC+ Int-3
                  | Archmagi}
 17814 | Slime:5  | Identified the +2 buckler of Weightlessness {*Slow rElec
                  | Str-4 Dex+7}
 17817 | Slime:5  | Found a viscous altar of Jiyva.
 17817 | Slime:5  | Noticed an azure jelly
 17820 | Slime:5  | Noticed a rockslime
 17838 | Slime:5  | Noticed a rockslime
 17838 | Slime:5  | Noticed an acid blob
 17850 | Slime:5  | Noticed an acid blob
 17872 | Slime:5  | Noticed a rockslime
 17884 | Slime:5  | Noticed a rockslime
 17946 | Slime:5  | Got a slimy rune of Zot
 17948 | Slime:5  | Got a starry gem with 37 turns to spare
 17949 | Slime:5  | Identified the +0 robe of Limited Liability {rElec rF-
                  | Int+2}
 17984 | Slime:5  | Lost the starry gem through the power of Zot.
 18019 | Slime:5  | Noticed a rockslime
 18073 | Slime:5  | Found the +11 Singing Sword {sonic wave}
 18079 | Slime:5  | Identified the +7 falchion of the Unseen Realm {speed, rC+}
 18098 | Slime:5  | Noticed a rockslime
 18173 | Slime:3  | Noticed an azure jelly
 18277 | Swamp:1  | Entered Level 1 of the Swamp
 18419 | Swamp:2  | Reached skill level 20 in Axes
 18467 | Swamp:4  | Entered Level 4 of the Swamp
 18493 | Swamp:4  | Noticed a thorn hunter
 18512 | Swamp:4  | Killed a thorn hunter
 18513 | Swamp:4  | Reached skill level 15 in Armour
 18544 | Swamp:4  | Reached skill level 15 in Fighting
 18592 | Swamp:4  | Noticed a thorn hunter
 18604 | Swamp:4  | Killed a thorn hunter
 18634 | Swamp:4  | Reached skill level 15 in Shields
 18685 | Swamp:4  | Noticed a fenstrider witch
 18696 | Swamp:4  | Paralysed by a fenstrider witch for 5 turns
 18698 | Swamp:4  | Killed a fenstrider witch
 18830 | Swamp:4  | Noticed a tentacled monstrosity
 18843 | Swamp:4  | Killed a tentacled monstrosity
 18844 | Swamp:4  | Reached XP level 16. HP: 59/149 MP: 13/15
 18847 | Swamp:4  | Gained mutation: You possess an exceptional clarity of
                  | mind. [hidden potential]
 19093 | Swamp:4  | Got a mossy gem with 978 turns to spare
 19097 | Swamp:4  | Got a decaying rune of Zot
 19208 | Swamp:4  | Reached skill level 21 in Axes
 19357 | Snake:1  | Entered Level 1 of the Snake Pit
 19725 | Snake:2  | Found Datuavy's Antique Weapon Emporium.
 19798 | Snake:3  | Noticed Bai Suzhen
 19818 | Snake:3  | Killed Bai Suzhen
 20151 | Snake:3  | Lost mutation: You have very sharp fingernails. [Jiyva's
                  | grace]
 20151 | Snake:3  | Lost mutation: Your muscles are very strong. (Str +8,
                  | Int/Dex -2) [Jiyva's grace]
 20151 | Snake:3  | Lost mutation: Your gelatinous body deflects attacks. (AC
                  | +3, EV +3) [Jiyva's grace]
 20151 | Snake:3  | Lost mutation: You are covered in slimy tendrils that may
                  | disarm your opponents. [Jiyva's grace]
 20151 | Snake:3  | Lost mutation: You expend magic power (3 MP) to strengthen
                  | your wands. [Jiyva's grace]
 20151 | Snake:3  | Lost mutation: Your melee attacks may engulf your foes in
                  | ooze. [Jiyva's grace]
 20151 | Snake:3  | Gained mutation: Your flesh is cold resistant. (rC+)
                  | [Jiyva's grace]
 20151 | Snake:3  | Gained mutation: Your flesh is very cold resistant. (rC++)
                  | [Jiyva's grace]
 20151 | Snake:3  | Gained mutation: Your flesh is almost immune to the effects
                  | of cold. (rC+++) [Jiyva's grace]
 20151 | Snake:3  | Gained mutation: You expend magic power (3 MP) to
                  | strengthen your wands. [Jiyva's grace]
 20456 | Snake:4  | Entered Level 4 of the Snake Pit
 20516 | Snake:4  | Reached skill level 22 in Axes
 20577 | Snake:4  | Reached XP level 17. HP: 148/159 MP: 16/16
 20597 | Snake:4  | Gained mutation: You have an increased reservoir of magic.
                  | (+10% MP) [hidden potential]
 20597 | Snake:4  | Lost mutation: You have hidden genetic potential. [hidden
                  | potential expressed]
 20983 | Snake:4  | Got a jade gem with 944 turns to spare
 20986 | Snake:4  | Got a serpentine rune of Zot
 21279 | D:13     | Paralysed by a vampire knight for 2 turns
 21434 | D:15     | Entered Level 15 of the Dungeon
 21601 | D:15     | Noticed a sphinx
 21604 | D:15     | Found a staircase to the Depths.
 21615 | D:15     | Killed a sphinx
 21654 | Depths:1 | Entered Level 1 of the Depths
 21654 | Depths:1 | Found a gateway to Hell.
 21904 | D:15     | Reached skill level 23 in Axes
 22003 | Depths:1 | Noticed the Enchantress
 22025 | D:15     | HP: 6/161 [poisoned by the Enchantress]
 22208 | D:15     | Killed the Enchantress
 22569 | Depths:1 | Found a one-way gateway to a ziggurat.
 22695 | Depths:2 | Found a one-way gate leading to the halls of Pandemonium.
 22719 | Depths:2 | Noticed a titan
 22722 | Depths:2 | Reached XP level 18. HP: 110/170 MP: 18/18
 23081 | Depths:1 | Reached skill level 24 in Axes
 23422 | Depths:3 | Lost mutation: You have razor-sharp toenails. [Jiyva's
                  | grace]
 23422 | Depths:3 | Lost mutation: You have sharp toenails. [Jiyva's grace]
 23422 | Depths:3 | Lost mutation: You have supernaturally acute eyesight.
                  | (SInv) [Jiyva's grace]
 23422 | Depths:3 | Lost mutation: You are very agile. (Dex +8, Str/Int -2)
                  | [Jiyva's grace]
 23422 | Depths:3 | Lost mutation: You expend magic power (3 MP) to strengthen
                  | your wands. [Jiyva's grace]
 23422 | Depths:3 | Gained mutation: Armour fits poorly on your pseudopods.
                  | [Jiyva's grace]
 23422 | Depths:3 | Gained mutation: Armour fits poorly on your large
                  | pseudopods. [Jiyva's grace]
 23422 | Depths:3 | Gained mutation: Armour fits poorly on your massive
                  | pseudopods. [Jiyva's grace]
 23422 | Depths:3 | Gained mutation: You have a small jelly attached to you
                  | that senses nearby items. [Jiyva's grace]
 23467 | Depths:4 | Entered Level 4 of the Depths
 23484 | Depths:3 | Slain by a spriggan defender

Illustrated notes

Levels and vault maps discovered:
D:1:      wander_arrival_desolate, layout_basic
D:2:      layout_basic, kennysheep_path_1
D:3:      layout_basic, cheibrodos_sewer_entry_drain, gammafunk_ghost_mausoleum
D:4:      layout_loops_corners, lemuel_temple_firewalk_b, uniq_robin
D:5:      layout_cave_pools, kennysheep_big_empty_room
D:6:      layout_loops_corners, minitemple, serial_shops,
          nicolae_lakefront_shop, shop,
          nicolae_shop_competitors_out_of_business, nicolae_shop_trees,
          uniq_pikel
D:7:      layout_cave_pools, serial_gnoll_camp, gnoll_camp_huts_moat,
          gnoll_camp_mini_hut, gnoll_camp_mini_basic, gnoll_camp_mini_shop,
          gnoll_camp_mini_hut, gnoll_camp_mini_loothouse,
          nicolae_phantomly_mirrored
D:8:      layout_loops_corners, trog_hazing_becter, chequers_avenue,
          lemuel_flamethrower_2, uniq_amaemon
D:9:      nzn_winding_woodlands_small [nzn_winding_woodlands_5x15_jagged,
          nzn_winding_woodlands_center_garden,
          nzn_winding_woodlands_5x15_concentric], layout_basic,
          nicolae_elevator_lobby_plus, uniq_jeremiah, uniq_erolcha
D:10:     layout_loops_corners, dpeg_lair_monsters, orc_0_dummy,
          corexii_corridor_pit
D:11:     layout_loops_ring, minmay_microvault
D:12:     layout_basic, st_stairs_10, nicolae_titane
D:13:     minmay_diamond_stairs, layout_loops_ring, gauntlet_entry_generic,
          roderic_roman_lattice
D:14:     layout_loops_ring, grunt_vaults_entry_fortified,
          nicolae_qazlal_eye_of_the_storm, grunt_ogre_cave
D:15:     hellmonk_depths_entry_around_the_bend, layout_irregular_city
Lair:1:   beast_lair_carwin_large_1, layout_chaotic_city, serial_bayou_crossing,
          infiniplex_staircase_pool_2, serial_bayou_shore_a
Lair:2:   layout_loops_ring, minmay_swamp_entry_worms, kennysheep_rathole
Lair:3:   layout_gridlike, minmay_snake_entry_guardpost_medium, basic_altar
Lair:4:   layout_regular_city, ebering_ghost_funeral_grove
Lair:5:   hellmonk_lair_end_abyssal_woods, layout_loops_ring, slime_entry_1,
          minivault_24, minmay_lair_oklob_items, tgw_fedhas
Swamp:1:  layout_falls_marsh, evilmike_swamp_ruin_rubble_1
Swamp:2:  layout_basic_swamp, evilmike_swamp_ruin_house_6,
          hangedman_swamp_phenomena, infiniplex_staircase_pool
Swamp:3:  layout_basic_swamp, nicolae_swamp_round_clearing,
          hangedman_swamp_ravenous, nicolae_swamp_tree_isthmus
Swamp:4:  nzn_swamp_witches_coven, layout_basic_swamp,
          nicolae_swamp_decorative_isthmus
Snake:1:  nicolae_snake_shooting_gallery, layout_onion_interference,
          nicolae_snake_storage_room
Snake:2:  layout_honeycomb, nicolae_stop_n_shop_2
Snake:3:  layout_onion, nicolae_integral_box, uniq_bai_suzhen
Snake:4:  grunt_snake_rune_pools, layout_rooms, grunt_ministairs_8,
          lemuel_fruit_tree
Slime:1:  cheibrodos_slime_lost_civilization_9, layout_caves
Slime:2:  layout_caves
Slime:3:  layout_caves
Slime:4:  layout_caves
Slime:5:  slime_pit_nicolae_trefoil
Orc:1:    layout_caves, enter_volcano_4
Orc:2:    grunt_orc_gardens, layout_caves, grunt_orc_garden, grunt_orc_garden,
          grunt_orc_garden, grunt_orc_garden, serial_shops, shop, uniq_nessos,
          uniq_snorg
Depths:1: layout_cave_shapes, enter_ziggurat_e,
          serial_library_hellmonk_statue_hall, hell_entry, hangedman_eye_storm,
          uniq_enchantress
Depths:2: grunt_double_whammy, layout_cave_shapes, serial_shops, shop,
          rand_demon_pan_entry_3, grunt_hell_entry_dis_mu,
          infiniplex_staircase_hallway_doors
Depths:3: kennysheep_water_balloons, layout_basic, minmay_room_of_horrors,
          serial_shops, nicolae_shop_tiny_waterfront, hell_entry,
          amcnicky_mini_pool_small, infiniplex_staircase_zigzag_3,
          minmay_shoptagon
Depths:4: grunt_zot_entry_gee_three, layout_cave_pools,
          chequers_serial_rivers_micro_c, hell_entry

Skill      XL: |  1  2  3  4  5  6  7  8  9 10 11 12 13 14 15 16 17 18 |
---------------+-------------------------------------------------------+-----
Axes           | 3 4 5 6 7 9 11 13 14 16 18 20 22 23 24 | 24.3
Fighting       | 4 5 6 7 8 9 11 12 13 15 16 17 18 | 18.1
Shields        | 4 5 6 7 8 10 11 12 13 15 16 17 18 | 18.0
Armour         | 4 5 6 7 8 10 11 12 14 15 16 17 18 | 18.1
Dodging        | 3 6 7 8 |  8.5

Action                     |  1- 3 |  4- 6 |  7- 9 | 10-12 | 13-15 | 16-18 || total
---------------------------+-------+-------+-------+-------+-------+-------++-------
  Melee: War axe           |    72 |    82 |   236 |   406 |   254 |       ||  1050
         Headbutt          |     5 |    13 |    37 |   117 |   235 |   257 ||   664
         Broad axe         |       |       |       |       |   570 |   845 ||  1415
         Kick              |       |       |       |       |   192 |       ||   192
         Morningstar       |       |       |       |       |    24 |     2 ||    26
         Pseudopods        |       |       |       |       |       |     6 ||     6
  Throw: Dart              |       |       |       |     1 |       |       ||     1
 Invoke: Slimify           |       |       |     2 |       |     1 |       ||     3
         Oozemancy         |       |       |       |     4 |     2 |    11 ||    17
  Evoke: Wand              |       |     2 |       |     2 |     1 |     4 ||     9
         Phantom mirror    |       |       |       |     1 |     1 |     1 ||     3
         Lightning rod     |       |       |       |       |       |     3 ||     3
         Phial of floods   |       |       |       |       |       |     1 ||     1
    Use: Scroll            |       |       |       |     3 |    17 |    13 ||    33
         Potion            |       |       |       |     1 |     4 |    12 ||    17
   Stab: Paralysed         |       |       |       |     6 |       |       ||     6
         Distracted        |       |       |       |     1 |       |       ||     1
 Armour: Scale mail        |    46 |    68 |   169 |    97 |       |       ||   380
         Plate armour      |       |       |       |   135 |   696 |  1026 ||  1857
  Dodge: Dodged            |    47 |    42 |   149 |   228 |   605 |   744 ||  1815
  Block: Buckler           |    13 |    14 |    68 |   123 |   346 |   561 ||  1125
